 Dungeon Crawl Stone Soup version 0.31-a0-152-g6aa68a64a1 (webtiles) character file.

Game seed: 5755904094136296122

1571 qw the Skirmisher (level 8, -11/69 (73) HPs)
             Began as a Minotaur Hunter on June 9, 2023.
             Mangled by a wight
             ... wielding a +0 great sword
              (14 damage)
             ... on level 6 of the Dungeon.
             The game lasted 00:01:35 (4816 turns).

qw the Skirmisher (Minotaur Hunter)                 Turns: 4816, Time: 00:01:36

HP:   -11/69 (73)   AC: 10    Str: 15    XL:     8   Next: 59%
MP:   7/7           EV: 12    Int:  6    God:
Gold: 201           SH:  5    Dex: 17    Spells: 7/7 levels left

rFire   . . .        h - +0 orcbow
rCold   . . .        (shield currently unavailable)
rNeg    . . .        d - +0 ring mail
rPois   .            (helmet restricted)
rElec   .            (no cloak)
rCorr   .            k - +1 pair of gloves
SInv    .            g - +1 pair of boots
Will    .....        a - amulet of reflection
Stlth   +            (no ring)
HPRegen 0.31/turn    (no ring)
MPRegen 0.10/turn

%: reflection
@: drained
A: horns 2, retaliatory headbutt
a: no special abilities


You were on level 6 of the Dungeon.
You visited 2 branches of the dungeon, and saw 7 of its levels.

You collected 259 gold pieces.
You spent 58 gold pieces at shops.


Innate Abilities, Weirdness & Mutations

You have a pair of horns on your head.
You reflexively headbutt those who attack you in melee.


   Skills:
 - Level 7.1 Fighting
 - Level 10.0 Ranged Weapons
 - Level 3.7 Armour
 + Level 3.9 Dodging
 - Level 0.7 Stealth


You had 7 spell levels left.
You didn't know any spells.
Your spell library was empty.

Inventory:

Hand Weapons
 h - a +0 orcbow (weapon)
Armour
 d - a +0 ring mail (worn)
 g - a +1 pair of boots (worn)
 k - a +1 pair of gloves (worn)
Jewellery
 a - an amulet of reflection (around neck)
 j - a ring of fire
Scrolls
 c - a scroll of identify
Potions
 b - a potion of ambrosia {unknown}
 e - a potion of brilliance {unknown}
 f - a potion of enlightenment {unknown}
 i - a potion of haste
 l - a potion of attraction {unknown}
 m - a potion of mutation {unknown}

Dungeon Overview and Level Annotations

Branches:
Dungeon (6/15)             Temple (1/1) D:5

Altars:
Ashenzari
Elyvilon
Fedhas
Gozag
Hepliaklqana
Kikubaaqudgha
Nemelex Xobeh
Qazlal
Ru
Sif Muna
Trog
Vehumet
Wu Jian
Yredelemnul
Zin

Shops:
D:4 [


Message History

You shoot an arrow.
The arrow completely misses the ice beast.
You block the wight's attack.
The wight hits you from afar with a +0 halberd!
You feel drained. The ice beast barely misses you.
You shoot an arrow.
The arrow hits the ice beast but does no damage.
The ice beast is moderately wounded.
The wight barely misses you.
The ice beast hits you but does no damage.
The wight barely misses you.
You shoot an arrow. The arrow barely misses the ice beast.
The ice beast hits you. The ice beast freezes you!
The wight hits you from afar with a +0 halberd.
You shoot an arrow. The arrow hits the ice beast!
The ice beast is severely wounded.
The ice beast closely misses you. You block the wight's attack.
The wight hits you from afar with a +0 halberd.
You feel drained.
You shoot an arrow. The arrow hits the ice beast.
The ice beast is severely wounded.
The wight hits you but does no damage. The ice beast closely misses you.
You furiously retaliate!
You headbutt the ice beast, but do no damage.
The wight hits you from afar with a +0 halberd!
You shoot an arrow. The arrow closely misses the ice beast.
The wight hits you with a +0 hand axe.
You feel drained. You block the wight's attack. The ice beast misses you.
You furiously retaliate!
You headbutt the ice beast!
You kill the ice beast!
The wight hits you from afar with a +0 halberd.
You feel drained.
You shoot an arrow. The arrow hits the wight!
The wight is severely damaged.
The wight hits you with a +0 great sword!
You feel drained. The wight closely misses you.
You shoot an arrow. The arrow completely misses the wight.
You block the wight's attack. x2
The wight hits you with a +0 great sword!
You die...

.........#....
........#.... .
.......[....#.. .
............#.. ..
...............
... #....z.?....#
... #.....zz...##
# ##.
#@.....#.#.##.....
#......#.#........
#..###.....#.....#
##.###.....#....##
#............#.##
#...........##.##
#........#......#
#.......###......
##...#.......#..#


You could see 3 wights.

Vanquished Creatures
  Sigmund (D:5)
  Edmund (D:5)
  5 ice beasts
  A sky beast (D:6)
  An ogre (D:5)
  A centaur (D:6)
  2 bullfrogs (D:6)
  2 scorpions (D:5)
  A hound (D:5)
  2 orc priests (D:3)
  2 sleepcaps
  An iguana (D:4)
  An orc wizard (D:5)
  Robin (D:2)
  5 adders
  2 ufetubi (D:5)
  2 worms
  2 dart slugs
  6 orcs
  6 bats
  6 endoplasms
  2 giant cockroaches
  16 goblins
  8 hobgoblins
  7 jackals
  3 quokkas
  4 ball pythons
  3 frilled lizards
  5 kobolds
  3 rats
102 creatures vanquished.

Vanquished Creatures (others)
  A wizard (D:3)
1 creature vanquished.

Grand Total: 103 creatures vanquished

Notes
Turn   | Place    | Note
-------+----------+-------------------------------------------
     0 | D:1      | qw the Minotaur Hunter began the quest for the Orb.
     0 | D:1      | Reached XP level 1. HP: 18/18 MP: 0/0
     0 | D:1      | 0 ||| qw: Version: 0.2-a-121-gba3a3e5
     0 | D:1      | 0 ||| qw: Game counter: 3201
     0 | D:1      | 0 ||| qw: Always use a shield: true
     0 | D:1      | 0 ||| qw: God list: Okawaru
     0 | D:1      | 0 ||| qw: Allow faded altars: false
     0 | D:1      | 0 ||| qw: Do Orc after D:15 true
     0 | D:1      | 0 ||| qw: Do second Lair branch before Depths: true
     0 | D:1      | 0 ||| qw: Lair rune preference: random
     0 | D:1      | 0 ||| qw: Plans: Normal
     0 | D:1      | 0 ||| PLANNING D:1-11
   147 | D:1      | Reached XP level 2. HP: 25/25 MP: 1/1
   151 | D:1      | Reached skill level 5 in Ranged Weapons
   426 | D:1      | Reached skill level 3 in Fighting
   574 | D:1      | 574 ||| UPGRADING to +1 pair of boots.
   579 | D:1      | 579 ||| READING scroll labelled UNICWI XOCILEU.
   580 | D:1      | 580 ||| DROPPING scroll of butterflies.
   730 | D:2      | Reached XP level 3. HP: 31/31 MP: 2/2
   732 | D:2      | Found a faded altar of an unknown god.
   753 | D:2      | HP: 4/31 [goblin/sling bullet (6)]
   904 | D:2      | Noticed Robin
   914 | D:2      | Killed Robin
   915 | D:2      | Reached skill level 6 in Ranged Weapons
   915 | D:2      | Reached XP level 4. HP: 38/38 MP: 3/3
  1045 | D:2      | Found a sacrificial altar of Ru.
  1266 | D:2      | Reached skill level 1 in Armour
  1337 | D:2      | 1337 ||| UPGRADING to +0 ring mail.
  1347 | D:2      | 1347 ||| DROPPING +0 leather armour.
  1348 | D:2      | 1348 ||| READING scroll labelled ZIKHUNOSAF.
  1349 | D:2      | 1349 ||| READING scroll labelled JEUDDEOPUI.
  1456 | D:2      | 1456 ||| UPGRADING to amulet of reflection.
  1585 | D:3      | 1585 ||| READING scroll of enchant weapon.
  1585 | D:3      | 1585 ||| ENCHANTING +1 shortbow.
  1743 | D:3      | 1743 ||| FLEEEEING.
  1744 | D:3      | 1744 ||| FLEEEEING.
  1745 | D:3      | 1745 ||| FLEEEEING.
  1746 | D:3      | 1746 ||| FLEEEEING.
  1747 | D:3      | 1747 ||| FLEEEEING.
  1748 | D:3      | 1748 ||| FLEEEEING.
  1749 | D:3      | 1749 ||| FLEEEEING.
  1750 | D:3      | 1750 ||| FLEEEEING.
  1752 | D:3      | 1752 ||| FLEEEEING.
  1756 | D:3      | 1756 ||| FLEEEEING.
  1757 | D:3      | 1757 ||| FLEEEEING.
  1758 | D:3      | 1758 ||| FLEEEEING.
  1759 | D:3      | 1759 ||| FLEEEEING.
  1760 | D:3      | 1760 ||| FLEEEEING.
  1761 | D:3      | 1761 ||| FLEEEEING.
  1762 | D:3      | 1762 ||| FLEEEEING.
  1763 | D:3      | 1763 ||| STAIRDANCE
  1793 | D:2      | 1793 ||| READING scroll labelled VINNER DARRU.
  1794 | D:2      | 1794 ||| READING scroll labelled ICZOAV UNEU.
  1798 | D:3      | Reached XP level 5. HP: 46/46 MP: 4/4
  1919 | D:3      | Found a bloodstained altar of Trog.
  1921 | D:3      | Noticed a wizard
  1925 | D:3      | Killed a wizard
  2456 | D:4      | Found a stormy altar of Qazlal.
  2587 | D:4      | Found Ykeoh's Armour Emporium.
  2616 | D:4      | 2616 ||| BUYING +0 pair of gloves (58 gold).
  2616 | D:4      | Bought a +0 pair of gloves for 58 gold pieces
  2616 | D:4      | 2616 ||| SHOPLISTING quicksilver dragon scales (780 gold,
                  | have 116).
  2641 | D:4      | Reached skill level 7 in Ranged Weapons
  2882 | D:4      | 2882 ||| DROPPING +1 pair of boots.
  2883 | D:4      | 2883 ||| UPGRADING to +0 pair of gloves.
  2888 | D:4      | 2888 ||| READING scroll labelled OTURYO XIVAM.
  2970 | D:4      | 2970 ||| READING scroll labelled HODIOCVEXOS.
  3071 | D:4      | 3071 ||| DRINKING 2 purple potions.
  3091 | D:5      | Entered Level 5 of the Dungeon
  3168 | D:5      | Reached XP level 6. HP: 50/52 MP: 5/5
  3180 | D:5      | Noticed an ice beast
  3190 | D:5      | Killed an ice beast
  3213 | D:5      | Noticed an ice beast
  3229 | D:5      | Killed an ice beast
  3230 | D:5      | Reached skill level 8 in Ranged Weapons
  3355 | D:5      | Noticed an ice beast
  3365 | D:5      | Reached XP level 7. HP: 49/60 MP: 6/6
  3369 | D:5      | HP: 15/60 [ice beast (14)]
  3597 | D:5      | Reached skill level 3 in Dodging
  3986 | D:5      | Noticed Sigmund
  4007 | D:5      | Killed Sigmund
  4008 | D:5      | Reached skill level 9 in Ranged Weapons
  4111 | D:5      | Noticed Edmund
  4118 | D:5      | Killed Edmund
  4119 | D:5      | Reached skill level 6 in Fighting
  4119 | D:5      | Reached XP level 8. HP: 71/71 MP: 7/7
  4355 | D:5      | 4355 ||| READING scroll of enchant armour.
  4355 | D:5      | 4355 ||| ENCHANTING +0 pair of gloves.
  4530 | D:5      | Found a staircase to the Ecumenical Temple.
  4531 | D:5      | 4531 ||| PLANNING TEMPLE
  4531 | D:5      | 4531 ||| READING scroll labelled OXKAXA WUAGREU.
  4534 | D:5      | 4534 ||| READING scroll labelled VAOKHL WUCZA.
  4535 | D:5      | 4535 ||| READING scroll labelled PUPADGH WOSHRA.
  4536 | D:5      | 4536 ||| READING scroll labelled BOPITO WAITEGH.
  4537 | D:5      | 4537 ||| READING scroll labelled SAIVEKHL TEISE.
  4538 | D:5      | 4538 ||| DRINKING 2 metallic clear potions.
  4539 | D:5      | 4539 ||| DROPPING potion of magic.
  4608 | Temple   | Entered the Ecumenical Temple
  4609 | Temple   | 4609 ||| PLANNING D:1-11
  4625 | D:6      | 4625 ||| PLANNING SEWER
  4637 | D:6      | Reached skill level 10 in Ranged Weapons
  4651 | D:6      | Reached skill level 3 in Armour
  4682 | D:6      | 4682 ||| SWAPPING to +0 orcbow.
  4683 | D:6      | 4683 ||| DROPPING +2 shortbow.
  4814 | D:6      | HP: 14/68 [wight/+0 halberd (6)]
  4815 | D:6      | HP: 3/71 [wight/+0 great sword (10)]
  4816 | D:6      | Mangled by a wight

Levels and vault maps discovered:
D:1:      scummos_arrival_simple_crosswalls, layout_basic, serial_bayou_pond_b
D:2:      layout_basic, basic_altar, hellmonk_ecumenical_altar_run_dry,
          uniq_robin
D:3:      layout_loops_cross, trog_wizard, chequers_decorated_corner,
          minmay_fountain_box
D:4:      layout_loops_ring, overflow_temple_1_default, serial_shops,
          nicolae_shop_tiny_waterfront, st_stairs_6
D:5:      layout_basic, minmay_temple_entry_butterflies,
          hangedman_decor_opposing, uniq_edmund, uniq_sigmund
D:6:      layout_cave_pools, okawaru_altar_gauntlet_db, portal_sewer_entry_f
Temple:   nicolae_temple_no_exploring_needed

Skill      XL: |  1  2  3  4  5  6  7  8 |
---------------+-------------------------+-----
Ranged Weapons | 5 6 7 8 9 10 | 10.0
Fighting       | 3 4 6 7 |  7.1
Armour         | 1 2 3 |  3.7
Dodging        | 3 |  3.9
Stealth        | |  0.7

Action                     |  1- 3 |  4- 6 |  7- 9 || total
---------------------------+-------+-------+-------++-------
   Fire: Shortbow          |   101 |   133 |   101 ||   335
         Orcbow            |       |       |    24 ||    24
    Use: Scroll            |     1 |     7 |     6 ||    14
         Potion            |       |     1 |     1 ||     2
 Armour: Leather armour    |    24 |     2 |       ||    26
         Ring mail         |       |    11 |    28 ||    39
  Dodge: Dodged            |    36 |    32 |    25 ||    93
  Block: Other             |       |     8 |    13 ||    21
         Reflection        |       |       |     1 ||     1

Table legend:
 A = Non-vault XP
 B = Vault XP
 C = Vault XP percentage of total XP
 D = Non-vault monster count
 E = Vault monster count
 F = Vault count percentage of total count
                 A         B        C        D         E       F
            +---------+---------+-------+---------+---------+-------
      Total |    1821 |     424 |  18.9 |      84 |      18 |  17.6
            +---------+---------+-------+---------+---------+-------
        D:1 |      30 |       5 |  14.3 |      16 |       3 |  15.8
        D:2 |      56 |      36 |  39.1 |      16 |      12 |  42.9
        D:3 |     123 |       0 |   0.0 |      18 |       0 |   0.0
        D:4 |      97 |       2 |   2.0 |      11 |       1 |   8.3
        D:5 |     931 |     381 |  29.0 |      17 |       2 |  10.5
        D:6 |     584 |       0 |   0.0 |       6 |       0 |   0.0
            +---------+---------+-------+---------+---------+-------
